 Dungeon Crawl Stone Soup version 0.29-a0-294-g83ea962da3 (webtiles) character file.

Game seed: 6291446176827957890

649 sanka the Ducker (level 7, -4/90 HPs)
             Began as a Gnoll Monk on Mar 18, 2022.
             Succumbed to a gnoll sergeant's poison
             ... on level 5 of the Dungeon.
             The game lasted 00:09:09 (6406 turns).

sanka the Ducker (Gnoll Monk)                       Turns: 6406, Time: 00:09:10

Health: -4/90      AC:  3    Str: 12    XL:     7   Next: 53%
Magic:  1/10       EV: 15    Int: 10    God:
Gold:   216        SH:  8    Dex: 14    Spells: 11/11 levels left

rFire   . . .      SeeInvis .   o - +3 flail
rCold   . . .      Faith    .   (no shield)
rNeg    . . .      Spirit   +   b - +0 robe
rPois   .          Reflect  .   f - +0 helmet
rElec   .          Harm     .   (no cloak)
rCorr   .          Rampage  .   (no gloves)
Will    .....                   (no boots)
Stlth   ..........              c - brooch of Shielding {Spirit SH+8}
HPRegen 0.25/turn               (no ring)
MPRegen 0.12/turn               (no ring)

@: berserking (expiring), lethally poisoned (-4 -> -31), very quick
A: fangs 1, strong nose, distributed training
a: no special abilities


You were on level 5 of the Dungeon.
You visited 1 branch of the dungeon, and saw 5 of its levels.

You collected 216 gold pieces.


Innate Abilities, Weirdness & Mutations

You have very sharp teeth.
Your uncanny sense of smell can sniff out nearby items.
Your experience applies equally to all skills.


   Skills:
 + Level 7.0 Fighting
 + Level 2.5 Short Blades
 + Level 2.5 Long Blades
 + Level 7.0 Axes
 + Level 2.5 Maces & Flails
 + Level 2.5 Polearms
 + Level 2.5 Staves
 + Level 2.5 Slings
 + Level 2.5 Bows
 + Level 2.5 Crossbows
 + Level 2.5 Throwing
 + Level 2.5 Armour
 + Level 7.0 Dodging
 + Level 4.9 Stealth
 + Level 2.5 Shields
 + Level 2.5 Unarmed Combat
 + Level 2.5 Spellcasting
 + Level 2.0 Conjurations
 + Level 2.0 Hexes
 + Level 2.0 Summonings
 + Level 2.0 Necromancy
 + Level 2.0 Translocations
 + Level 2.0 Transmutations
 + Level 2.0 Fire Magic
 + Level 2.0 Ice Magic
 + Level 2.0 Air Magic
 + Level 2.0 Earth Magic
 + Level 2.0 Poison Magic
 + Level 2.8 Invocations
 + Level 2.5 Evocations


You had 11 spell levels left.
You didn't know any spells.
Your spell library was empty.

Inventory:

Hand Weapons
 a - a +0 hand axe
 h - a +0 flail
 k - a +0 dire flail
 o - a +3 flail (weapon)
 q - a +1 vorpal halberd
 t - a +0 war axe
Missiles
 m - 2 boomerangs (quivered)
 u - a javelin
Armour
 b - a +0 robe (worn)
 f - a +0 helmet (worn)
Jewellery
 c - the brooch of Shielding (around neck) {Spirit SH+8}

   [amulet of guardian spirit]

   It causes incoming damage to be divided between your reserves of health and
   magic.
   SH:        It affects your SH (+8).
Scrolls
 d - 3 scrolls of teleportation {@r4}
 g - 3 scrolls of identify {@r1}
 j - 2 scrolls of immolation {!r}
 l - a scroll of torment {!r}
 r - a scroll of silence {unknown}
 s - a scroll of fog {unknown}
 v - a scroll of amnesia {unknown}
Potions
 e - a potion of might
 i - a potion of attraction {!q}
 p - 4 potions of curing {@q1}

Dungeon Overview and Level Annotations

Branches:
Dungeon (5/15)
 Temple: D:4-7

Altars:

Shops:
D:5

( ▒▒▒ ▒▒▒▒▒ ▒.▒ ▒▒▒.▒g▒▒▒ ▒▒▒ ▒▒.
▒▒▒▒...g▒.g▒▒▒▒.▒ ▒▒
▒..▒▒▒.<▒▒▒..▒▒.▒▒▒▒ ▒▒
▒.▒▒▒..gg▒▒▒▒g.....▒▒▒▒. ▒
▒.▒▒▒....g▒▒▒........... ▒▒
▒▒.▒▒.......▒............ .▒▒
▒▒........................ ▒.▒▒
▒▒.........▒...............
▒▒.▒▒▒▒.[....▒▒▒▒▒▒..............
▒▒.▒▒.....▒▒▒ ▒▒....▒.▒g.....


You could see 4 gnolls.


Message History

You feel very sick.
Unknown command.
You sock the gnoll sergeant!
The gnoll sergeant is almost dead.
You feel very sick.
The gnoll hits you from afar with a +0 spear.
* * * LOW HITPOINT WARNING * * *
The gnoll sergeant hits you with a +3 spear of venom!
* * * LOW HITPOINT WARNING * * *
You are lethally poisoned!
The gnoll sergeant blocks your attack.
You bite the gnoll sergeant, but do no damage.
The gnoll sergeant is almost dead.
* * * LOW HITPOINT WARNING * * *
You feel very sick. The gnoll completely misses you.
The gnoll sergeant hits you with a +3 spear of venom!
* * * LOW HITPOINT WARNING * * *
You are more poisoned.
You hit the gnoll sergeant.
You kill the gnoll sergeant!
* * * LOW HITPOINT WARNING * * *
You feel extremely sick.
The gnoll hits you from afar with a +0 spear.
Unknown command.
Unknown command.
Unknown command.
You sock the gnoll!
The gnoll is heavily wounded.
You die...

Action                   |  1- 3 |  4- 6 |  7- 9 || total
-------------------------+-------+-------+-------++-------
Melee: Hand axe          |    93 |   191 |       ||   284
       Bite              |     8 |    31 |     6 ||    45
       Punch             |       |     7 |       ||     7
       Flail             |       |    63 |    26 ||    89
Throw: Boomerang         |       |     7 |    10 ||    17
       Javelin           |       |     2 |       ||     2
  Use: Scroll            |       |     8 |       ||     8
       Potion            |       |     1 |     1 ||     2
 Stab: Sleeping          |     3 |     6 |       ||     9
Armor: Robe              |     8 |    41 |       ||    49
Dodge: Dodged            |    57 |   193 |    14 ||   264
Block: Other             |       |    70 |     7 ||    77

Levels and vault maps discovered:
D:1:      amcnicky_arrival_abandoned_market, layout_rooms
D:2:      layout_basic, minmay_rat_hole
D:3:      layout_basic, ebering_ecumenical_altar_mist, minmay_distorted
D:4:      layout_gridville
D:5:      layout_layer_cave, serial_glass, glass_columns_a, glass_columns_a,
          serial_shops, nicolae_shop_statue_plus, uniq_grinder, uniq_duvessa,
          uniq_blork_the_orc

Notes
Turn   | Place    | Note
-------+----------+-------------------------------------------
     0 | D:1      | sanka the Gnoll Monk began the quest for the Orb.
     0 | D:1      | Reached XP level 1. HP: 23/23 MP: 1/1
   206 | D:1      | Reached XP level 2. HP: 25/29 MP: 2/2
   679 | D:2      | Reached XP level 3. HP: 19/35 MP: 3/3
  1025 | D:2      | Reached skill level 1 in Invocations
  1340 | D:1      | Reached skill level 1 in Short Blades
  1340 | D:1      | Reached skill level 1 in Long Blades
  1340 | D:1      | Reached skill level 1 in Maces & Flails
  1340 | D:1      | Reached skill level 1 in Polearms
  1340 | D:1      | Reached skill level 1 in Staves
  1340 | D:1      | Reached skill level 1 in Slings
  1340 | D:1      | Reached skill level 1 in Bows
  1340 | D:1      | Reached skill level 1 in Crossbows
  1340 | D:1      | Reached skill level 1 in Throwing
  1340 | D:1      | Reached skill level 1 in Armour
  1340 | D:1      | Reached skill level 1 in Shields
  1340 | D:1      | Reached skill level 1 in Unarmed Combat
  1340 | D:1      | Reached skill level 1 in Spellcasting
  1340 | D:1      | Reached skill level 1 in Evocations
  1577 | D:2      | Reached XP level 4. HP: 21/41 MP: 5/5
  2201 | D:3      | Found a faded altar of an unknown god.
  2216 | D:3      | Reached skill level 1 in Conjurations
  2216 | D:3      | Reached skill level 1 in Hexes
  2216 | D:3      | Reached skill level 1 in Summonings
  2216 | D:3      | Reached skill level 1 in Necromancy
  2216 | D:3      | Reached skill level 1 in Translocations
  2216 | D:3      | Reached skill level 1 in Transmutations
  2216 | D:3      | Reached skill level 1 in Fire Magic
  2216 | D:3      | Reached skill level 1 in Ice Magic
  2216 | D:3      | Reached skill level 1 in Air Magic
  2216 | D:3      | Reached skill level 1 in Earth Magic
  2216 | D:3      | Reached skill level 1 in Poison Magic
  2589 | D:3      | Reached XP level 5. HP: 37/47 MP: 5/7
  2830 | D:2      | HP: 4/47 [orc/+0 hand axe (6)]
  3163 | D:3      | Identified a scroll of acquirement
  3164 | D:3      | Acquired the brooch of Shielding {Spirit SH+8}
  3164 | D:3      | Found the brooch of Shielding {Spirit SH+8}
  3785 | D:2      | Reached skill level 2 in Invocations
  3785 | D:2      | Reached XP level 6. HP: 53/53 MP: 8/8
  5094 | D:4      | Reached skill level 2 in Short Blades
  5094 | D:4      | Reached skill level 2 in Long Blades
  5094 | D:4      | Reached skill level 2 in Maces & Flails
  5094 | D:4      | Reached skill level 2 in Polearms
  5094 | D:4      | Reached skill level 2 in Staves
  5094 | D:4      | Reached skill level 2 in Slings
  5094 | D:4      | Reached skill level 2 in Bows
  5094 | D:4      | Reached skill level 2 in Crossbows
  5094 | D:4      | Reached skill level 2 in Throwing
  5094 | D:4      | Reached skill level 2 in Armour
  5094 | D:4      | Reached skill level 2 in Shields
  5094 | D:4      | Reached skill level 2 in Unarmed Combat
  5094 | D:4      | Reached skill level 2 in Spellcasting
  5094 | D:4      | Reached skill level 2 in Evocations
  5192 | D:5      | Entered Level 5 of the Dungeon
  5192 | D:5      | Noticed Blork the orc
  5205 | D:5      | Killed Blork the orc
  5290 | D:5      | Found Fonaorgho's Weapon Shop.
  5810 | D:5      | Identified the +0 leather armour of the Onion {Stlth+}
  5895 | D:5      | Noticed a black bear
  5901 | D:5      | Killed a black bear
  5902 | D:5      | Reached skill level 7 in Fighting
  5902 | D:5      | Reached skill level 7 in Axes
  5902 | D:5      | Reached skill level 7 in Dodging
  5902 | D:5      | Reached XP level 7. HP: 60/60 MP: 10/10
  5918 | D:5      | Reached skill level 2 in Conjurations
  5918 | D:5      | Reached skill level 2 in Hexes
  5918 | D:5      | Reached skill level 2 in Summonings
  5918 | D:5      | Reached skill level 2 in Necromancy
  5918 | D:5      | Reached skill level 2 in Translocations
  5918 | D:5      | Reached skill level 2 in Transmutations
  5918 | D:5      | Reached skill level 2 in Fire Magic
  5918 | D:5      | Reached skill level 2 in Ice Magic
  5918 | D:5      | Reached skill level 2 in Air Magic
  5918 | D:5      | Reached skill level 2 in Earth Magic
  5918 | D:5      | Reached skill level 2 in Poison Magic
  6404 | D:5      | HP: 8/90 [gnoll sergeant/+3 spear of venom (12)]
  6405 | D:5      | HP: 1/90 [poisoned by a gnoll sergeant]
  6406 | D:5      | Succumbed to a gnoll sergeant's poison

Vanquished Creatures
  A black bear (D:5)
  A phantom (D:5)
  Blork the orc (D:5)
  A gnoll sergeant (D:5)
  A hound (D:2)
  An orc priest (D:2)
  4 orc wizards
  4 adders
  4 gnolls
  2 worms
  A dart slug (D:4)
  25 orcs
  6 ball pythons
  5 endoplasms
  2 giant cockroaches
  4 hobgoblins
  2 jackals (D:2)
  3 kobolds (D:3)
  3 quokkas
  2 bats
  3 frilled lizards
  2 goblins
  26 rats
104 creatures vanquished.
